 Seeded DCSS version 0.30-a0-883-g5ad918d77d (webtiles) character file.

Game seed: 15748772131455733785 (custom seed)

2884 Parcival the Protected (level 9, 0/79 HPs)
             Began as a Minotaur Fighter on Mar 16, 2023.
             Was a Follower of Makhleb.
             Slain by a yak (3 damage)
             ... on level 7 of the Dungeon.
             The game lasted 00:13:20 (6903 turns).

Parcival the Protected (Minotaur Fighter)           Turns: 6903, Time: 00:13:20

Health: 0/79       AC: 16    Str: 31    XL:     9   Next: 48%
Magic:  8/8        EV:  7    Int:  5    God:    Makhleb [*.....]
Gold:   321        SH:  9    Dex: 10    Spells: 8/8 levels left

rFire   + . .      SeeInvis .    x - +2 flail (heavy)
rCold   . . .      Faith    +    p - +0 kite shield
rNeg    . . .      Spirit   .    e - +1 plate armour
rPois   +          Reflect  .    (helmet restricted)
rElec   .          Rampage  +    (no cloak)
rCorr   .                        z - +0 pair of gloves
Will    .....                    (no boots) Stlth
                                 r - amulet "Uhaankasoi" {Faith Rampage rF+}
HPRegen 0.33/turn                h - +6 ring of strength
MPRegen 0.11/turn                l - ring of poison resistance

@: no status effects
A: horns 2, retaliatory headbutt
a: Renounce Religion


You were on level 7 of the Dungeon.
You worshipped Makhleb.
Makhleb was aware of your devotion.
You visited 2 branches of the dungeon, and saw 8 of its levels.

You collected 321 gold pieces.

Inventory:

Hand Weapons
 a - a +0 trident
 k - a +0 broad axe
 x - a +2 heavy flail (weapon)
Armour
 b - a +0 scale mail
 c - a +0 buckler
 e - a +1 plate armour (worn)
 p - a +0 kite shield (worn)
 z - a +0 pair of gloves (worn)
Jewellery
 h - a +6 ring of strength (left hand)
 l - a ring of poison resistance (right hand)
 r - the amulet "Uhaankasoi" (around neck) {Faith Rampage rF+}
   (You acquired it in the Ecumenical Temple)

   [amulet of faith]

   It allows you to gain divine favour quickly.
   rF:        It protects you from fire.
   Rampage:   It bestows one free step when moving towards enemies.
Wands
 m - a wand of polymorph (31)
 n - a wand of acid (9)
 s - a wand of roots (12)
 u - a wand of flame (19)
 y - a wand of mindburst (20)
Scrolls
 g - 2 scrolls of fog
 t - a scroll of fear
 w - 2 scrolls of teleportation
 C - 2 scrolls of identify
Potions
 d - a potion of curing {unknown}
 f - a potion of heal wounds {unknown}
 i - 3 potions of mutation
 j - 3 potions of brilliance {unknown}
 o - a potion of lignification {unknown}
 q - 2 potions of resistance {unknown}
 v - 2 potions of ambrosia {unknown}
 A - a potion of flight {unknown}


   Skills:
 + Level 7.0 Fighting
 + Level 7.5(8.7) Axes
 + Level 5.4(7.3) Maces & Flails
 + Level 3.2(5.8) Polearms
 + Level 9.4 Armour
 + Level 1.0 Dodging
 + Level 0.4 Stealth
 + Level 7.2 Shields


You had 8 spell levels left.
You didn't know any spells.
Your spell library contained the following spells:

 Spells                   Type           Power      Damage    Failure   Level
 Magic Dart               Conj           0%         1d3       100%        1
 Slow                     Hex            0%         N/A       100%        1
 Call Imp                 Summ           0%         N/A       100%        2
 Confusing Touch          Hex            0%         N/A       100%        3
 Ignite Poison            Fire/Tmut/Pois 0%         N/A       100%        3
 Kindle Blastsparks       Fire/Tloc/Air  0%         2d10      100%        3
 Mephitic Cloud           Conj/Pois/Air  0%         N/A       100%        3
 Vampiric Draining        Necr           0%         2d6       100%        3
 Freezing Cloud           Conj/Ice/Air   0%         6-21      100%        5
 Summon Forest            Summ/Tloc      0%         N/A       100%        5
 Summon Mana Viper        Hex/Summ       0%         N/A       100%        5
 Summon Cactus Giant      Summ           0%         N/A       100%        6


Dungeon Overview and Level Annotations

Branches:
Dungeon (7/15)             Temple (1/1) D:4

Altars:
Ashenzari
Cheibriados
Dithmenos
Elyvilon
Fedhas
Gozag
Hepliaklqana
Kikubaaqudgha
Makhleb
Nemelex Xobeh
Okawaru
Ru
Sif Muna
Trog
Uskayaw
Vehumet
Xom
Yredelemnul
Zin
The Shining One


Innate Abilities, Weirdness & Mutations

You have a pair of horns on your head.
You reflexively headbutt those who attack you in melee.


Message History

Makhleb accepts your kill.
You feel better. The yak barely misses you. You block the shadow imp's attack.
The yak gores you.
Your Fighting skill increases to level 7!
Your Dodging skill increases to level 1!
You bludgeon the yak!!
The yak is severely wounded.
You block the yak's attack. The yak barely misses you. The yak gores you.
The shadow imp shouts, "Out, out, thou warped ruttish lout!"
The shadow imp hits you. You block the yak's attack. The yak gores you.
You block the shadow imp's attack. The yak completely misses you.
You barely miss the yak.
The yak is severely wounded.
The yak gores you. The yak barely misses you. x2
You block the shadow imp's attack. The yak gores you!
The shadow imp hits you but does no damage.
The yak gores you but does no damage. The yak gores you!
You barely miss the yak.
The yak is severely wounded.
You block the shadow imp's attack.
The yak gores you but does no damage. x2
The yak barely misses you. You furiously retaliate!
You headbutt the yak! You closely miss the yak. Your headbutt misses the yak.
The yak is severely wounded.
You hear the quick creaking of a portcullis nearby.
The yak gores you but does no damage.
The shadow imp hits you but does no damage.
The yak gores you!
* * * LOW HITPOINT WARNING * * *
The yak barely misses you.
The yak gores you but does no damage. x2
You block the yak's attack. The shadow imp barely misses you.
You sock the yak!
You kill the yak!
Makhleb accepts your kill. The yak gores you!
* * * LOW HITPOINT WARNING * * *
You block the yak's attack. The shadow imp completely misses you.
The yak gores you!
* * * LOW HITPOINT WARNING * * *
The yak gores you.
You die...

####.##### #.# ####.#
#.# .# .....# #.# .#
###### #.# #.##
#.###...## #..... ##
## # #.. . #. .## ###.
#Y#.# #.#..
)....##@#.# ...
#...5†Y.# #.#
#.###.### ###.### #.#
#.# ......# #.# #.#
....#.# #.###.###.#
#####.######(.......>#
#............#####
##############


You could see 2 yaks and a shadow imp.

Vanquished Creatures
  The ghost of elongatedgoose the Fighter, a novice MiFi of Hepliaklqana (D:6)
  2 yaks (D:7)
  3 water moccasins
  2 sky beasts (D:6)
  3 ice beasts
  An ogre (D:5)
  2 phantoms (D:4)
  A kobold brigand (D:5)
  The ghost of elongatedgoose the Sneak, an amateur SpBr (D:3)
  2 scorpions (D:5)
  4 wights (D:7)
  A crimson imp (D:5)
  5 hounds
  2 orc priests (D:5)
  A sleepcap (D:5)
  3 iguanas
  Ijyb (D:3)
  Natasha (D:3)
  4 orc wizards
  7 adders
  3 gnolls (D:2)
  A white imp (D:6)
  2 ufetubi (D:6)
  2 worms (D:2)
  4 dart slugs
  16 orcs
  12 endoplasms
  4 giant cockroaches
  5 goblins
  7 hobgoblins
  11 jackals
  A quokka (D:2)
  7 ball pythons
  2 bats
  4 frilled lizards
  8 kobolds
  5 rats
141 creatures vanquished.

Vanquished Creatures (others)
  An ice beast (D:5)
1 creature vanquished.

Grand Total: 142 creatures vanquished

Notes
Turn   | Place    | Note
-------+----------+-------------------------------------------
     0 | D:1      | Parcival the Minotaur Fighter began the quest for the Orb.
     0 | D:1      | Reached XP level 1. HP: 19/19 MP: 0/0
   313 | D:1      | Reached XP level 2. HP: 24/27 MP: 1/1
   421 | D:1      | Reached skill level 4 in Armour
  1045 | D:2      | Reached XP level 3. HP: 25/33 MP: 2/2
  1263 | D:2      | Reached XP level 4. HP: 39/41 MP: 3/3
  1370 | D:2      | Reached skill level 1 in Axes
  1655 | D:2      | Found a faded altar of an unknown god.
  2349 | D:3      | Found a runed translucent door.
  2683 | D:3      | Reached XP level 5. HP: 47/47 MP: 4/4
  2745 | D:3      | Noticed Ijyb
  2746 | D:3      | Noticed Natasha
  2757 | D:3      | Killed Ijyb
  2767 | D:3      | Killed Natasha
  3054 | D:3      | Noticed elongatedgoose's ghost (amateur SpBr)
  3062 | D:3      | Killed elongatedgoose's ghost
  3063 | D:3      | Reached skill level 5 in Fighting
  3063 | D:3      | Reached skill level 5 in Armour
  3318 | D:4      | Reached XP level 6. HP: 56/56 MP: 5/5
  3548 | D:4      | Reached skill level 5 in Shields
  3594 | D:4      | Found a white marble altar of Elyvilon.
  3962 | D:4      | Found a staircase to the Ecumenical Temple.
  4118 | Temple   | Entered the Ecumenical Temple
  4296 | Temple   | Identified a scroll of acquirement
  4296 | Temple   | Acquired the amulet "Uhaankasoi" {Faith Rampage rF+}
  4356 | D:5      | Entered Level 5 of the Dungeon
  4373 | D:5      | Reached XP level 7. HP: 57/61 MP: 6/6
  4413 | D:5      | Found an iron altar of Okawaru.
  4460 | D:5      | Found a radiant altar of Vehumet.
  4504 | D:5      | Found a broken altar of Ashenzari.
  4517 | D:5      | Reached skill level 5 in Axes
  4652 | D:5      | Reached skill level 6 in Armour
  4701 | D:5      | Reached skill level 7 in Armour
  4796 | D:5      | Reached XP level 8. HP: 70/70 MP: 7/7
  4924 | D:5      | Found a blossoming altar of Fedhas.
  5419 | D:5      | Found a shimmering altar of Xom.
  5420 | D:5      | Found a burning altar of Makhleb.
  5429 | D:5      | Became a worshipper of Makhleb the Destroyer
  5617 | D:6      | Reached skill level 8 in Armour
  5715 | D:6      | Found an ancient bone altar of Kikubaaqudgha.
  5721 | D:6      | Found a shadowy altar of Dithmenos.
  5725 | D:6      | Found a glowing golden altar of the Shining One.
  5804 | D:6      | Found a shimmering blue altar of Sif Muna.
  5808 | D:6      | Found a snail-covered altar of Cheibriados.
  5882 | D:6      | Found a runed translucent door.
  5882 | D:6      | Noticed elongatedgoose's ghost (novice MiFi)
  5919 | D:6      | Reached skill level 1 in Maces & Flails
  6009 | D:6      | Found a sacrificial altar of Ru.
  6123 | D:6      | HP: 1/52 [elongatedgoose's ghost (6)]
  6127 | D:6      | Killed elongatedgoose's ghost
  6128 | D:6      | Reached skill level 9 in Armour
  6128 | D:6      | Reached XP level 9. HP: 3/78 MP: 8/8
  6544 | D:7      | Reached * piety under Makhleb
  6886 | D:7      | Reached skill level 5 in Maces & Flails
  6899 | D:7      | Reached skill level 1 in Dodging
  6903 | D:7      | HP: 3/79 [yak (9)]
  6903 | D:7      | Slain by a yak

Illustrated notes

Levels and vault maps discovered:
D:1:      dpeg_arrival_brainrot, layout_basic, hangedman_decor_growths,
          minmay_misc_feat_rugged, nicolae_titane
D:2:      minmay_recursive_quarters, layout_basic,
          dreamdust_ecumenical_altar_sealed_demon, serial_glass,
          glass_columns_c, glass_columns_a, hex_tiny
D:3:      layout_basic, ebering_ghost_reflecting_pool,
          minmay_misc_feat_four_crosses, uniq_ijyb, uniq_natasha
D:4:      layout_loops_ring, mainiacjoe_overflow_boulevard,
          minmay_temple_entry_stoned_glass
D:5:      minmay_octagon_keep, layout_rooms, lemuel_doored_altar,
          fiery_altar_vehumet, overflow_temple_1_default,
          mainiacjoe_overflow_24_doors, grunt_temple_overflow_champion_of_chaos,
          kennysheep_generic_room_9
D:6:      layout_rooms, minitemple, nicolae_ru_awakened_eye,
          hellmonk_ghost_happy_afterlife, chequers_decorated_corner,
          due_unseen_surprise
D:7:      minmay_spotlight, layout_loops_ring, nicolae_overflow_crystal_walls,
          enter_bailey_2, uniq_prince_ribbit1
Temple:   nicolae_temple_bog_church

Skill      XL: |  1  2  3  4  5  6  7  8  9 |
---------------+----------------------------+-----
Armour         | 4 5 7 9 |  9.4
Fighting       | 4 5 6 7 |  7.0
Polearms       | 3 |  3.2
Shields        | 4 5 6 7 |  7.2
Axes           | 2 3 4 5 7 |  7.5
Maces & Flails | 3 5 |  5.4
Dodging        | 1 |  1.0
Stealth        | |  0.4

Action                     |  1- 3 |  4- 6 |  7- 9 || total
---------------------------+-------+-------+-------++-------
  Melee: Trident           |    33 |       |       ||    33
         Headbutt          |    12 |    14 |    22 ||    48
         Broad axe         |    40 |   122 |    51 ||   213
         Flail             |       |       |    97 ||    97
    Use: Scroll            |     1 |    10 |     2 ||    13
         Potion            |       |     1 |     3 ||     4
 Armour: Plate armour      |    62 |   113 |   161 ||   336
         Scale mail        |     3 |       |       ||     3
  Dodge: Dodged            |    22 |    46 |    84 ||   152
  Block: Buckler           |    19 |    25 |       ||    44
         Kite shield       |       |    21 |   116 ||   137

Table legend: (Time is in decaauts)
 A = Elapsed time spent in this place.
 B = Non-inter-level travel time spent in this place.
 C = Inter-level travel time spent in this place.
 D = Time resting spent in this place.
 E = Time spent auto-exploring this place.
 F = Levels seen in this place.
 G = Mean time per level.
                   A        B        C        D        E       F      G
               +--------+--------+--------+--------+--------+-----+--------+
         Total |   7118 |   6693 |    425 |    106 |   5207 |   8 |  889.8 |
       Dungeon |   6905 |   6492 |    413 |    106 |   5027 |   7 |  986.4 |
        Temple |    213 |    201 |     12 |      0 |    180 |   1 |  213.0 |
               +--------+--------+--------+--------+--------+-----+--------+

Top non-repeatable levels by time:
     D:5: 1255 daAuts
     D:2: 1174 daAuts
     D:3: 1153 daAuts
     D:1: 1042 daAuts
     D:4: 869 daAuts
     D:6: 847 daAuts
     D:7: 562 daAuts
  Temple: 213 daAuts
